 Dungeon Crawl Stone Soup version 0.26-a0-695-g987792ac36 (webtiles) character file.

Game seed: 6545465786848262175

31 Frask the Grave Robber (level 3, -2/24 HPs)
             Began as a Demonspawn Necromancer on Oct 25, 2020.
             Slain by a sky beast (5 damage)
             ... on level 2 of the Dungeon.
             The game lasted 00:05:11 (1526 turns).

Frask the Grave Robber (Demonspawn Necromancer)     Turns: 1526, Time: 00:05:12

Health: -2/24      AC:  4    Str:  8    XL:     3   Next: 7%
Magic:  6/6        EV: 12    Int: 17    God:
Gold:   40         SH:  0    Dex: 13    Spells: 5/6 levels left

rFire    . . .     SeeInvis .   b - +1 dagger (venom)
rCold    . . .     Faith    .   (no shield)
rNeg     . . .     Spirit   .   a - +0 robe
rPois    .         Reflect  .   (helmet restricted)
rElec    .         Harm     .   (no cloak)
rCorr    .         Rampage  .   (no gloves)
MR       .....                  (no boots)
Stlth    ++........             (no amulet)
HPRegen  0.08/turn              (no ring)
MPRegen  0.10/turn              (no ring)

@: no status effects
A: antennae 1, thin metallic scales 1
a: no special abilities


You were on level 2 of the Dungeon.
You visited 1 branch of the dungeon, and saw 2 of its levels.

You collected 40 gold pieces.

Inventory:

Hand Weapons
 b - a +1 dagger of venom (weapon)
Armour
 a - a +0 robe (worn)
Jewellery
 c - an uncursed amulet of magic regeneration {unknown}
Scrolls
 d - 3 scrolls of identify {unknown}
 e - a scroll of magic mapping {unknown}
 g - 3 scrolls of noise {unknown}
 h - a scroll of teleportation {unknown}
Potions
 f - 3 potions of lignification {unknown}


   Skills:
 - Level 2.0 Dodging
 - Level 2.0 Stealth
 - Level 2.0 Spellcasting
 + Level 5.3 Necromancy


You had 5 spell levels left.
You knew the following spells:

 Your Spells              Type           Power        Failure   Level
a - Pain                  Necr           ###.         2%          1

Your spell library contained the following spells:

 Spells                   Type           Power        Failure   Level
 Animate Skeleton         Necr           ###...       2%          1
 Vampiric Draining        Necr           ###.......   7%          3
 Animate Dead             Necr           ###.......   22%         4
 Agony                    Necr           ###.....     52%         5


Dungeon Overview and Level Annotations

Branches:
Dungeon (2/15)

Altars:


Innate Abilities, Weirdness & Mutations

You have a pair of small antennae on your head.
You are partially covered in thin metallic scales. (AC +2)


Message History

You barely miss the sky beast.
The sky beast is moderately wounded.
The sky beast flickers out of sight!
Deactivating autopickup; reactivate with Ctrl-A.
Something hits you but does no damage.
Unknown command.
Welcome back, Frask the Demonspawn Necromancer.
Press ? for a list of commands and other information.
Deactivating autopickup; reactivate with Ctrl-A.
You closely miss something. Something hits you but does no damage.
You hit something but do no damage. Something hits you but does no damage.
You miss something. Something hits you but does no damage.
You hit something but do no damage. Something hits you. Something shocks you.
You closely miss something. Something completely misses you.
You hit something but do no damage. Something hits you. Something shocks you.
* * * LOW HITPOINT WARNING * * *
You barely miss something. Something hits you.
* * * LOW HITPOINT WARNING * * *
Something shocks you.
You die...

#.......+ +...
###....#### ####
#.......# # #.#.###.#
...###### #.#.# #.#
......... # #.# #.#
#+#.#####. #.
#.#######.# #####.
#.#.###........... ...#.
#.....{@#######.#.###.#.
###.###.# #..........
..# ..#..... #### #.###.
#.# #. #.###. #.# #)...#
#.# ###.#⌠ #.# ##..#


There were no monsters in sight!

Vanquished Creatures
  2 oozes
  A leopard gecko (D:1)
  3 bats
  2 giant cockroaches
  4 goblins (D:1)
  2 hobgoblins (D:1)
  A quokka (D:2)
  2 frilled lizards (D:1)
  2 kobolds (D:1)
  A rat (D:1)
20 creatures vanquished.

Notes
Turn   | Place    | Note
-------+----------+-------------------------------------------
     0 | D:1      | Frask the Demonspawn Necromancer began the quest for the
                  | Orb.
     0 | D:1      | Reached XP level 1. HP: 13/13 MP: 3/3
   255 | D:1      | Gained mutation: You have a pair of small antennae on your
                  | head. [demonic ancestry]
   255 | D:1      | Reached XP level 2. HP: 17/19 MP: 1/5
   446 | D:1      | Reached skill level 5 in Necromancy
  1296 | D:2      | Gained mutation: You are partially covered in thin metallic
                  | scales. (AC +2) [demonic ancestry]
  1296 | D:2      | Reached XP level 3. HP: 6/24 MP: 6/6
  1511 | D:2      | Noticed a sky beast
  1526 | D:2      | Slain by a sky beast

Illustrated notes

Levels and vault maps discovered:
D:1:      minmay_arrival_shoal_huts, layout_basic
D:2:      layout_loops_corners, kennysheep_doodads, minmay_misc_feat_room,
          minmay_domino_4

Skill      XL: |  1  2 |
---------------+-------+-----
Dodging        | 2 |  2.0
Stealth        | 2 |  2.0
Necromancy     | 5 |  5.3
Spellcasting   | |  2.0

Action                   || total
-------------------------++-------
Melee: Dagger            ||    49
 Cast: Pain              ||    17
 Stab: Sleeping          ||     1
Armor: Robe              ||     9
Dodge: Dodged            ||    26

Table legend: (Time is in decaauts)
 A = Elapsed time spent in this place.
 B = Non-inter-level travel time spent in this place.
 C = Inter-level travel time spent in this place.
 D = Time resting spent in this place.
 E = Time spent auto-exploring this place.
 F = Levels seen in this place.
 G = Mean time per level.
                   A        B        C        D        E       F      G
               +--------+--------+--------+--------+--------+-----+--------+
         Total |   1527 |   1503 |     24 |      0 |   1329 |   2 |  763.5 |
       Dungeon |   1527 |   1503 |     24 |      0 |   1329 |   2 |  763.5 |
               +--------+--------+--------+--------+--------+-----+--------+

Top non-repeatable levels by time:
     D:1: 818 daAuts
     D:2: 708 daAuts
